Map: Terrasses de Prion

Players

ProVoke

  • Race: Zerg Zerg
  • League: Diamond

Worming - Winner!

  • Race: Zerg Zerg
  • League: Diamond

VOD

Have the link to the VOD?

Description

Time

  • Played on: Nov. 23, 2015, 1:07 p.m.
  • Length: 7:40
Show
View Real Time Build Order
Export as new Build Order

ProVoke Zerg 

Build Orders: Pool First 

Get SALT Encoding   

  12  0:01  Drone  
  13  0:08  Drone  
  13  0:14  Extractor  
  13  0:15  Drone  
  14  0:33  Spawning Pool  
  13  0:41  Drone  
  14  0:44  Extractor  
  14  0:45  Drone  
  15  0:54  Overlord  
  15  1:13  Drone x2  
  15  1:14  Drone  
  18  1:19  Metabolic Boost  
  18  1:27  Queen  
  20  1:48  Hatchery  
  19  1:54  Overlord  
  19  2:03  Queen  
  19  2:08  Zergling x2  
  22  2:12  Overlord  
  22  2:15  Zergling x2  
  23  2:26  Zergling x2  
  24  2:32  Zergling x2  
  25  2:39  Zergling x2  
  25  2:40  Zergling x4  
  28  2:53  Zergling x2  
  28  2:58  Overlord  
  29  3:09  Zergling x4  
  31  3:22  Zergling x2  
  31  3:23  Zergling x8  
  29  3:37  Drone x2  
  31  3:42  Drone  
  31  3:46  Spine Crawler  
  31  3:51  Drone x2  
  33  4:01  Baneling Nest  
  32  4:07  Drone x7  
  39  4:16  Drone x3  
  39  4:17  Drone  
  43  4:24  Drone  
  43  4:28  Overlord  
  43  4:30  Overlord  
  44  4:38  Overlord  
  44  4:47  Drone x7  
  44  4:51  Baneling x2  
  44  4:52  Baneling  
  50  4:54  Baneling x2  
  50  4:56  Drone  
  50  4:59  Extractor  
  51  5:00  Drone  
  51  5:07  Drone x2  
  51  5:08  Drone x2  
  51  5:10  Extractor  
  51  5:11  Extractor  
  51  5:13  Drone  
  54  5:16  Drone x2  
  54  5:17  Drone  
  54  5:19  Overlord  
  57  5:38  Roach Warren  
  57  5:39  Drone x2  
  57  5:41  Evolution Chamber  
  57  5:42  Hatchery, Evolution Chamber  
  50  6:19  Overlord  
  50  6:20  Roach x12  
  74  6:31  Roach  
  74  6:43  Queen  
  76  6:49  Roach x4  
  76  6:50  Overlord  
  84  7:00  Overlord  
  84  7:08  Roach  
  84  7:09  Hatchery  
  84  7:14  Overlord x3  
  83  7:17  Ravager  
Show
View Real Time Build Order
Export as new Build Order

Worming Zerg - Winner!

Build Orders: Hatch First 

Get SALT Encoding   

  12  0:01  Drone  
  13  0:08  Drone  
  14  0:24  Drone x2, Extractor x2  
  16  0:43  Hatchery  
  15  0:53  Overlord  
  15  1:00  Extractor  
  14  1:06  Spawning Pool  
  14  1:10  Drone  
  14  1:20  Drone x2  
  16  1:31  Drone  
  17  1:34  Drone  
  18  1:44  Drone  
  19  1:52  Queen  
  21  1:54  Zergling x2  
  21  1:56  Queen  
  24  2:01  Drone  
  24  2:05  Metabolic Boost  
  25  2:13  Overlord  
  25  2:19  Drone x2  
  27  2:25  Drone  
  28  2:32  Baneling Nest  
  27  2:46  Zergling x4  
  27  2:47  Zergling x2  
  27  2:50  Overlord  
  30  2:56  Drone x2  
  30  2:57  Spine Crawler  
  31  3:03  Zergling x6  
  31  3:30  Drone x4  
  31  3:31  Drone x2  
  31  3:33  Baneling  
  37  3:35  Baneling  
  37  3:38  Drone x4  
  41  3:44  Overlord  
  41  3:50  Lair  
  41  3:55  Drone x2, Evolution Chamber  
  42  3:59  Drone  
  42  4:02  Overlord  
  43  4:15  Extractor  
  43  4:17  Drone x2, Extractor  
  41  4:18  Drone, Roach Warren  
  41  4:19  Drone x2  
  41  4:20  Drone  
  46  4:24  Zerg Missile Weapons Level 1  
  46  4:36  Drone  
  46  4:37  Drone x2  
  46  4:38  Drone x3  
  52  4:40  Extractor  
  51  4:56  Drone x3  
  51  4:58  Overlord x2  
  51  4:59  Glial Reconstitution  
  54  5:01  Roach x2  
  54  5:05  Overlord  
  58  5:08  Overlord  
  58  5:18  Roach  
  60  5:24  Roach x2  
  60  5:26  Hatchery  
  63  5:30  Roach x3  
  63  5:34  Roach  
  71  5:43  Roach x4  
  74  6:05  Roach x7  
  88  6:25  Overlord  
  88  6:30  Roach x2  
  88  6:31  Overlord  
  88  6:32  Overlord  
  88  6:51  Queen  
  88  6:53  Roach x8  
  106  6:55  Ravager  
  106  6:57  Ravager x2  
  106  6:58  Ravager  
  110  7:01  Overseer  
Tags
 
Add a new tag
Caveats
  • Supply blocks, unpowered buildings, or Contaminate may cause inaccurate times.
  • Supply counts are checked every 10 seconds.